 Dungeon Crawl Stone Soup version 0.19-a0-1346-g7941943 (webtiles) character file.

202302 Cath the Eclecticist (level 18, -3/134 HPs)
             Began as a Naga Wizard on Aug 30, 2016.
             Was the Champion of Vehumet.
             Slain by a vault warden
             ... wielding a +1 dire flail of crushing
              (4 damage)
             ... on level 1 of the Vaults on Sept 1, 2016.
             The game lasted 04:38:51 (48401 turns).

Cath the Eclecticist (Naga Wizard)                 Turns: 48401, Time: 04:38:51

Health: -3/134     AC: 18    Str: 12    XL:     18   Next: 57%
Magic:  3/35       EV: 11    Int: 26    God:    Vehumet [******]
Gold:   2427       SH:  7    Dex:  9    Spells: 15 memorised, 4 levels left

rFire  . . .     SeeInvis +     p - +2 rapier (elec)
rCold  . . .     Gourm    +     Q - +0 leather armour of Kufopul {Regen+ Str+3}
rNeg   . . .     Faith    .     o - +3 buckler {AC+3}
rPois  +         Spirit   .     (helmet restricted)
rElec  .         Dismiss  .     D - +0 cloak
rCorr  .         Reflect  .     u - +0 pair of gloves
MR     ++...     Harm     .     O - +0 naga barding
Stlth  ++........               W - amulet of the gourmand
                                K - ring of wizardry
                                M - +2 ring of protection

@: sluggish, very slightly contaminated, hasted, repel missiles, very slow
A: horns 1, see invisible, deformed body, dopey 1, low mp 1, poison resistance,
slowness 2, slow metabolism 1, spit poison 2, constrict 1, AC +6
a: Spit Poison, Renounce Religion
}: 1/15 runes: decaying


You were on level 1 of the Vaults.
You worshipped Vehumet.
Vehumet was exalted by your worship.
You were not hungry.

You visited 8 branches of the dungeon, and saw 35 of its levels.

You collected 2996 gold pieces.
You spent 569 gold pieces at shops.

Inventory:

Hand Weapons
 p - a +2 rapier of electrocution (weapon)
Armour
 j - a +1 helmet of intelligence
 o - a +3 buckler of protection (worn)
 u - a +0 pair of gloves (worn)
 D - a +0 cloak (worn)
 O - a +0 naga barding (worn)
 Q - the +0 leather armour of Kufopul (worn) {Regen+ Str+3}
   (You bought it in a shop on level 2 of the Orcish Mines)

   It affects your strength (+3).
   It increases your rate of regeneration.
Jewellery
 e - an uncursed ring of positive energy
 K - a ring of wizardry (right hand)
 M - a +2 ring of protection (left hand)
 W - an amulet of the gourmand (around neck)
Wands
 t - a wand of iceblast (12/15)
 C - a wand of iceblast (7/15)
 J - a wand of hasting (4/9)
 U - a wand of iceblast (3/15)
Scrolls
 b - a scroll of torment
 c - 4 scrolls of identify
 f - 4 scrolls of recharging
 h - 7 scrolls of remove curse
 s - a scroll of enchant weapon
 G - 4 scrolls of magic mapping
 R - a scroll of enchant armour
 S - a scroll of holy word
 X - 4 scrolls of teleportation
Potions
 i - 4 potions of lignification
 k - 9 potions of brilliance
 l - 8 potions of curing
 n - a potion of cancellation
 q - a potion of agility
 r - a potion of might
 x - 2 potions of haste
 z - 2 potions of mutation
 B - 2 potions of cure mutation
 F - 3 potions of flight
 Z - a potion of heal wounds
Books
 a - a book of Necromancy

   Spells                             Type                      Level
   a - Pain                           Necromancy                   1
   b - Animate Skeleton               Necromancy                   1
   c - Vampiric Draining              Necromancy                   3
   d - Regeneration                   Charms/Necromancy            3
   e - Animate Dead                   Necromancy                   4
   f - Control Undead                 Necromancy                   4
 g - a book of Burglary

   Spells                             Type                      Level
   a - Swiftness                      Charms/Air                   2
   b - Passwall                       Transmutation/Earth          2
   c - Passage of Golubria            Translocation                4
   d - Lee's Rapid Deconstruction     Earth                        5
   e - Darkness                       Hexes                        6
   f - Invisibility                   Hexes                        6
 v - a book of Callings

   Spells                             Type                      Level
   a - Summon Small Mammal            Summoning                    1
   b - Call Imp                       Summoning                    2
   c - Call Canine Familiar           Summoning                    3
   d - Summon Guardian Golem          Hexes/Summoning              3
   e - Summon Lightning Spire         Summoning/Air                4
   f - Summon Ice Beast               Ice/Summoning                4
 w - a book of Misfortune

   Spells                             Type                      Level
   a - Confusing Touch                Hexes                        1
   b - Confuse                        Hexes                        3
   c - Gell's Gravitas                Hexes/Translocation          3
   d - Petrify                        Transmutation/Earth          4
   e - Metabolic Englaciation         Hexes/Ice                    5
   f - Yara's Violent Unravelling     Hexes/Transmutation          5
 y - a Grand Grimoire

   Spells                             Type                      Level
   a - Monstrous Menagerie            Summoning                    7
   b - Summon Greater Demon           Summoning                    7
   c - Malign Gateway                 Summoning/Translocation      7
   d - Summon Horrible Things         Summoning                    8
 A - a book of Conjurations

   Spells                             Type                      Level
   a - Magic Dart                     Conjuration                  1
   b - Searing Ray                    Conjuration                  2
   c - Dazzling Spray                 Conjuration/Hexes            3
   d - Fulminant Prism                Conjuration/Hexes            4
   e - Iskenderun's Mystic Blast      Conjuration                  4
   f - Iskenderun's Battlesphere      Conjuration/Charms           5
 E - a book of Alchemy

   Spells                             Type                      Level
   a - Sublimation of Blood           Necromancy                   2
   b - Ignite Poison                  Fire/Transmutation/Poison    3
   c - Petrify                        Transmutation/Earth          4
   d - Alistair's Intoxication        Transmutation/Poison         5
   e - Irradiate                      Conjuration/Transmutation    5
 I - a book of the Dragon

   Spells                             Type                      Level
   a - Flame Tongue                   Conjuration/Fire             1
   b - Cause Fear                     Hexes                        4
   c - Bolt of Fire                   Conjuration/Fire             6
   d - Dragon Form                    Transmutation                7
   e - Dragon's Call                  Summoning                    9
 L - Neqiusy's Tome of Ghastly Displacement
   (You found it on level 9 of the Dungeon)

   Spells                             Type                      Level
   a - Shroud of Golubria             Charms/Translocation         2
   b - Gell's Gravitas                Hexes/Translocation          3
   c - Teleport Other                 Translocation                3
   d - Excruciating Wounds            Charms/Necromancy            5
   e - Death Channel                  Necromancy                   6
 N - a book of Spatial Translocations

   Spells                             Type                      Level
   a - Apportation                    Translocation                1
   b - Blink                          Translocation                2
   c - Shroud of Golubria             Charms/Translocation         2
   d - Portal Projectile              Translocation                3
   e - Teleport Other                 Translocation                3
   f - Passage of Golubria            Translocation                4
 V - a book of Dreams

   Spells                             Type                      Level
   a - Ensorcelled Hibernation        Hexes/Ice                    2
   b - Silence                        Hexes/Air                    5
   c - Darkness                       Hexes                        6
   d - Shadow Creatures               Summoning                    6
Miscellaneous
 P - a lamp of fire
Comestibles
 d - 5 bread rations
 m - 6 meat rations
 H - a beef jerky
 T - 6 fruits


   Skills:
 + Level 1.8 Fighting
 + Level 6.3 Short Blades
 - Level 9.0 Dodging
 - Level 3.0 Stealth
 - Level 3.4 Shields
 + Level 17.1 Spellcasting
 - Level 14.3 Conjurations
 - Level 6.8 Hexes
 - Level 6.0 Charms
 - Level 2.8 Summonings
 - Level 7.0 Translocations
 - Level 10.5 Fire Magic
 - Level 6.0 Air Magic
 - Level 10.0 Poison Magic
 - Level 5.7 Evocations


You had 4 spell levels left.
You knew the following spells:

 Your Spells              Type           Power        Failure   Level  Hunger
a - Magic Dart            Conj           ####         0%          1    None
b - Blink                 Tloc           N/A          1%          2    None
c - Call Imp              Summ           #####...     1%          2    None
d - Repel Missiles        Chrm/Air       ######       1%          2    None
e - Slow                  Hex            ######..     1%          2    None
f - Conjure Flame         Conj/Fire      ######..     1%          3    None
g - Regeneration          Chrm/Necr      #####.....   1%          3    None
h - Mephitic Cloud        Conj/Pois/Air  ######..     1%          3    None
i - Iskenderun's Mystic   Conj           #######.     1%          4    None
j - Fulminant Prism       Conj/Hex       ######....   1%          4    None
k - Iskenderun's Battles  Conj/Chrm      ######..     1%          5    None
l - Swiftness             Chrm/Air       ######..     1%          2    None
m - Bolt of Fire          Conj/Fire      ######....   1%          6    ###....
n - Passwall              Tmut/Erth      ###.......   2%          2    None
o - Poison Arrow          Conj/Pois      ######....   1%          6    ###....


Dungeon Overview and Level Annotations

Branches:
Dungeon (15/15)            Temple (1/1) D:7            Lair (6/6) D:11
  Swamp (4/4) Lair:4        Snake (3/4) Lair:4        Slime (3/5) Lair:5
    Orc (2/2) D:11            Elf (0/3) Orc:2        Vaults (1/5) D:14
 Depths (0/5) D:15

Altars:
Cheibriados
Dithmenos
Gozag
Makhleb
Nemelex Xobeh
Ru
Uskayaw
Vehumet
Beogh

Shops:
D:4 (   D:6 *   D:7 (   Orc:1 [   Orc:2 [*=(   Snake:1 *

Annotations:
Snake:2 Donald


Innate Abilities, Weirdness & Mutations

You cannot wear boots.
Your serpentine skin is tough. (AC +6)
You have supernaturally acute eyesight. (SInv)
Armour fits poorly on your strangely shaped body.
Your system is resistant to poisons. (rPois)
You cover ground very slowly.
You have a slow metabolism.
You can spit poison.
You can use your snake-like lower body to constrict enemies.
You have a pair of small horns on your head.
You are dopey. (Int -2)
Your magical capacity is low. (-10% MP)


Message History

The vault guard hits the vault warden with an enchanted halberd!
The vault guard's attack snaps the vault warden out of its fear.
The vault guard seems to regain its courage.
The ettin seems less confused.
You block the vault warden's attack.
You have got your breath back.
The vault warden hits you with a dire flail of crushing!!
* * * LOW HITPOINT WARNING * * *
x2
Casting: Swiftness
Confirm with . or Enter, or press ? or * to list all spells.
You blink.
Evoke which item? (* to show all) (? for menu, Esc to quit)
Zapping:
J - a wand of hasting (5/9)
Press: ? - help, Shift-Dir - straight line, f - you, p - vault warden You feel yourself speed up.
You are very lightly contaminated with residual magic.
This wand has 4 charges left.
The vault guard seems less confused.
You start to feel a little faster.
The vault warden hits you with a dire flail of crushing!!
* * * LOW HITPOINT WARNING * * *
You die...

##################
#................#
#......C.C..C....#
#...#########p...#
#...####.# ##....#
#...+.##.##.#...p#
#..p#..#.#..#...@#
#...##.....##....#
#...###.>.###....#
#...##.....##....#.
#...#..#.#..#....#.
#...#.##.##.'....#
+...## #.####....'
#..#####'######..#
#..#..........# .#


You could see a vault warden, a vault guard and an ettin shaped shifter.

Vanquished Creatures
  5 acid blobs
  3 thorn hunters
  Kirke (D:15)
  Agnes (D:15)
  4 azure jellies
  A greater naga (Snake:3)
  2 orc warlords (Orc:2)
  Nessos (D:14)
  2 entropy weavers (Lair:4)
  Azrael (Orc:2)
  Snorg (Orc:2)
  2 great orbs of eyes (Slime:1)
  Harold (D:11)
  2 ogre magi
  A vault guard (Vaults:1)
  10 naga warriors
  A centaur warrior (D:15)
  20 hydras
  2 ice dragons (D:15)
  A ghost crab (Swamp:4)
  2 anacondas
  7 alligators
  The ghost of oldriver the Blocker, a journeyman GrFi of Qazlal (D:11)
  A queen ant (Lair:4)
  Urug (D:14)
  6 death yaks (Lair:6)
  2 tengu warriors (D:13)
  2 shock serpents
  An orc high priest (Orc:2)
  8 naga sharpshooters
  3 spriggans
  Sonja (D:13)
  Nergalle (Orc:2)
  A salamander mystic (Snake:3)
  2 spriggan druids
  A giant orange brain (Slime:2)
  9 swamp dragons
  4 shambling mangroves
  6 hill giants
  A lindwurm (Lair:6)
  A naga ritualist (Snake:1)
  A deep elf mage (D:14)
  5 orc knights
  3 orc sorcerers
  9 salamanders
  5 mana vipers (Snake:1)
  4 cyclopes
  8 ugly things
  2 shining eyes
  2 oklob plants
  3 griffons
  25 elephants
  2 manticores
  2 centaur zombies
  5 naga magi
  17 black mambas
  3 gargoyles
  3 guardian serpents
  A vault sentinel (Vaults:1)
  Joseph (D:7)
  2 eyes of devastation
  A torpor snail (Lair:6)
  15 spiny frogs
  6 centaur skeletons
  6 rime drakes
  A kobold demonologist (D:14)
  An efreet (D:10)
  11 komodo dragons
  2 tengu conjurers
  9 polar bears
  11 trolls
  23 blink frogs
  5 giant leeches
  5 raiju (Lair:6)
  49 slime creatures
  9 bog bodies
  A frost giant simulacrum (Vaults:1)
  A meliai zombie (D:10)
  A vampire (D:14)
  38 yaks
  A centaur simulacrum (D:14)
  3 shadows
  16 humans (D:13)
  4 wyverns
  A wraith (Vaults:1)
  The ghost of thelaststarmaker the Shield-Bearer, an amateur HOFi (D:3)
  A hog (D:15)
  2 basilisks (Lair:3)
  6 hippogriffs
  2 fire elementals (Orc:2)
  3 hungry ghosts
  A steam dragon (D:8)
  16 vampire mosquitoes
  A redback simulacrum (D:15)
  A mottled dragon (Vaults:1)
  18 swamp worms
  Menkaure (D:4)
  8 wargs
  35 nagas
  5 soldier ants (Lair:4)
  10 water moccasins
  7 hell hounds
  4 porcupines
  6 swamp drakes
  32 orc warriors
  15 wasps
  13 black bears (Lair:6)
  5 eyes of draining
  4 ice beasts
  3 phantoms
  15 ogres
  A necrophage (D:9)
  7 sky beasts
  12 centaurs
  14 wolves (Lair:6)
  10 crocodiles
  4 big kobolds
  22 giant frogs
  3 wyvern skeletons
  7 scorpions
  10 killer bees
  5 wights
  3 electric eels (Lair:2)
  8 howler monkeys
  7 crimson imps
  5 giant frog zombies
  A quasit (D:10)
  23 hounds
  7 jellies
  25 orc priests
  Crazy Yiuf (D:4)
  15 iguanas
  An iron imp (D:4)
  A giant frog skeleton (D:4)
  26 orc wizards
  Natasha (thrice) (D:2)
  16 worker ants
  A killer bee zombie (D:8)
  3 worker ant zombies
  14 gnolls
  13 adders
  A howler monkey skeleton (D:9)
  39 river rats
  2 shadow imps
  5 oozes
  An adder skeleton (D:5)
  5 worms
  3 dart slugs
  5 giant geckos
  88 orcs
  A ball python (D:4)
  5 bats
  5 giant cockroaches
  9 goblins
  8 hobgoblins
  12 jackals
  18 kobolds
  2 quokkas
  A giant gecko zombie (D:5)
  5 giant newts
  A jackal zombie (D:8)
  A quokka skeleton (D:8)
  11 rats
  2 bushes (Lair:3)
  A butterfly (Lair:5)
  5 fulminant prisms
  4 plants
1169 creatures vanquished.

Vanquished Creatures (collateral kills)
  A hill giant (D:12)
  An ogre (D:5)
  2 killer bees (D:8)
4 creatures vanquished.

Vanquished Creatures (others)
  An unseen horror (D:11)
  2 kobold demonologists (D:15)
  5 humans (D:15)
  An orc wizard (Orc:2)
  An orc (Orc:2)
  2 kobolds (D:15)
  A butterfly (Lair:5)
  118 fulminant prisms
  5 fungi
  19 plants
155 creatures vanquished.

Grand Total: 1328 creatures vanquished

Notes
Turn   | Place    | Note
-------+----------+-------------------------------------------
     0 | D:1      | Cath the Naga Wizard began the quest for the Orb.
     0 | D:1      | Reached XP level 1. HP: 15/15 MP: 4/4
   178 | D:1      | Reached XP level 2. HP: 22/22 MP: 4/6
   599 | D:1      | Reached XP level 3. HP: 28/28 MP: 2/7
  1240 | D:2      | Reached XP level 4. HP: 24/36 MP: 6/9
  1294 | D:2      | Found a sacrificial altar of Ru.
  1898 | D:3      | Noticed Natasha
  1906 | D:2      | Killed Natasha
  1906 | D:2      | Reached XP level 5. HP: 32/42 MP: 5/10
  1932 | D:2      | Noticed Natasha
  1947 | D:2      | Killed Natasha
  1971 | D:2      | Noticed Natasha
  2053 | D:3      | Noticed thelaststarmaker's ghost (amateur HOFi)
  2057 | D:2      | Killed Natasha
  2057 | D:2      | Reached skill level 4 in Spellcasting
  2377 | D:3      | Reached XP level 6. HP: 37/49 MP: 5/12
  2528 | D:2      | Learned a level 2 spell: Blink
  2531 | D:2      | Learned a level 2 spell: Call Imp
  2534 | D:2      | Learned a level 2 spell: Repel Missiles
  2537 | D:2      | Learned a level 2 spell: Slow
  2541 | D:2      | Learned a level 3 spell: Conjure Flame
  2728 | D:3      | Reached skill level 5 in Conjurations
  3370 | D:4      | Noticed Menkaure
  3389 | D:4      | Killed Menkaure
  3389 | D:4      | Reached XP level 7. HP: 55/55 MP: 0/14
  3796 | D:4      | Found a runed door.
  3818 | D:4      | Found Woexygal's Antique Weapon Shop.
  3958 | D:4      | Reached skill level 1 in Short Blades
  3986 | D:4      | Found a snail-covered altar of Cheibriados.
  4075 | D:4      | Noticed Crazy Yiuf
  4084 | D:4      | Killed Crazy Yiuf
  4203 | D:5      | Entered Level 5 of the Dungeon
  4908 | D:5      | Noticed a hippogriff
  4924 | D:5      | Killed a hippogriff
  4924 | D:5      | Reached XP level 8. HP: 58/62 MP: 10/15
  5222 | D:6      | Reached skill level 5 in Short Blades
  5234 | D:6      | Learned a level 2 spell: Searing Ray
  5286 | D:6      | Reached skill level 5 in Spellcasting
  5596 | D:6      | Learned a level 3 spell: Mephitic Cloud
  5637 | D:6      | Found Gewubau's Elemental Accessories.
  5757 | D:6      | Reached skill level 1 in Poison Magic
  5941 | D:6      | Reached skill level 1 in Air Magic
  6214 | D:7      | Noticed Joseph
  6255 | D:7      | Killed Joseph
  6255 | D:7      | Reached XP level 9. HP: 17/68 MP: 2/17
  6732 | D:7      | Found a staircase to the Ecumenical Temple.
  7329 | D:7      | Found Seratt's Antique Weapon Shop.
  7388 | Temple   | Entered the Ecumenical Temple
  7395 | Temple   | Became a worshipper of Vehumet
  7669 | D:7      | Reached skill level 1 in Fire Magic
  8190 | D:7      | Reached skill level 6 in Spellcasting
  8743 | D:8      | Reached XP level 10. HP: 70/75 MP: 8/19
  8777 | D:8      | Reached * piety under Vehumet
  8777 | D:8      | Offered knowledge of Sting by Vehumet.
  8785 | D:8      | Learned a level 4 spell: Iskenderun's Mystic Blast
  9591 | D:8      | Reached skill level 5 in Air Magic
  9856 | D:9      | Reached skill level 5 in Fire Magic
  9995 | D:8      | Reached skill level 7 in Spellcasting
 10020 | D:9      | Reached ** piety under Vehumet
 10020 | D:9      | Offered knowledge of Throw Flame by Vehumet.
 10570 | D:9      | Identified Neqiusy's Tome of Ghastly Displacement
 10799 | D:9      | Reached XP level 11. HP: 66/81 MP: 0/21
 11227 | D:10     | Entered Level 10 of the Dungeon
 11256 | D:10     | Reached skill level 10 in Conjurations
 11841 | D:10     | Offered knowledge of Inner Flame by Vehumet.
 12159 | D:10     | Noticed an ogre mage
 12165 | D:10     | Killed an ogre mage
 12851 | D:10     | Reached *** piety under Vehumet
 13139 | D:10     | Learned a level 4 spell: Fulminant Prism
 13187 | D:10     | Reached skill level 8 in Spellcasting
 13577 | D:11     | Reached skill level 1 in Hexes
 13577 | D:11     | Reached skill level 1 in Charms
 13585 | D:11     | Noticed Harold
 13586 | D:11     | Noticed oldriver's ghost (journeyman GrFi)
 13594 | D:11     | Offered knowledge of Static Discharge by Vehumet.
 13610 | D:11     | Noticed a manticore
 13610 | D:11     | Noticed an unseen horror
 13612 | D:11     | Killed an unseen horror
 13623 | D:11     | Killed a manticore
 14477 | D:12     | Noticed a hill giant
 14501 | D:12     | Killed a hill giant
 14618 | D:11     | Found a staircase to the Orcish Mines.
 14633 | D:11     | Killed Harold
 15130 | D:12     | Noticed a cyclops
 15359 | D:12     | Reached XP level 12. HP: 60/88 MP: 24/24
 15541 | D:12     | Reached skill level 9 in Spellcasting
 15863 | D:12     | Reached **** piety under Vehumet
 16099 | D:13     | Offered knowledge of Airstrike by Vehumet.
 16257 | D:13     | Reached skill level 10 in Spellcasting
 16305 | D:13     | Noticed a tengu warrior
 16326 | D:13     | Killed a tengu warrior
 16977 | D:13     | Noticed a tengu warrior
 16982 | D:13     | Noticed Sonja
 16987 | D:13     | Reached skill level 11 in Spellcasting
 16989 | D:13     | Killed a tengu warrior
 16996 | D:13     | Killed Sonja
 17332 | D:13     | Learned a level 5 spell: Iskenderun's Battlesphere
 18093 | D:14     | Found a gate to the Vaults.
 18093 | D:14     | Noticed Nessos
 18093 | D:14     | Noticed Urug
 18358 | D:13     | Reached ***** piety under Vehumet
 18360 | D:13     | Offered knowledge of Ozocubu's Refrigeration by Vehumet.
 18360 | D:13     | Gained mutation: You can use your snake-like lower body to constrict enemies. [Naga growth]
 18360 | D:13     | Reached XP level 13. HP: 81/94 MP: 12/28
 18533 | D:14     | Reached skill level 5 in Charms
 18567 | D:14     | Reached skill level 12 in Spellcasting
 18896 | D:14     | Killed Urug
 18952 | D:14     | Killed Nessos
 19243 | D:14     | Reached skill level 1 in Shields
 19814 | D:15     | Entered Level 15 of the Dungeon
 19857 | D:15     | Noticed Agnes
 19867 | D:15     | Killed Agnes
 20789 | D:11     | Found a staircase to the Lair.
 21455 | D:11     | Killed oldriver's ghost
 21603 | D:3      | Killed thelaststarmaker's ghost
 21985 | D:7      | Offered knowledge of Conjure Ball Lightning by Vehumet.
 22731 | D:15     | Noticed Kirke
 22736 | D:15     | Noticed a sphinx
 22737 | D:15     | Killed Kirke
 22737 | D:15     | Reached skill level 5 in Translocations
 22737 | D:15     | Reached XP level 14. HP: 102/102 MP: 15/30
 24358 | D:15     | Found a staircase to the Depths.
 24724 | Lair:1   | Entered Level 1 of the Lair of Beasts
 25041 | Lair:1   | Learned a level 3 spell: Regeneration
 25741 | Lair:1   | Reached skill level 13 in Spellcasting
 26192 | D:15     | Learned a level 2 spell: Swiftness
 26199 | D:15     | Learned a level 6 spell: Bolt of Fire
 26462 | Lair:2   | Offered knowledge of Poisonous Cloud by Vehumet.
 27024 | Lair:2   | Found a sparkling altar of Nemelex Xobeh.
 27541 | Lair:3   | Upgraded the game from 0.19-a0-1292-g796ee4d to 0.19-a0-1326-gee3fcf6
 28516 | Lair:4   | Found a staircase to the Swamp.
 28772 | Lair:4   | Found a staircase to the Snake Pit.
 28926 | Lair:4   | Identified a scroll of acquirement
 28952 | Lair:4   | Reached XP level 15. HP: 108/108 MP: 25/32
 29126 | Lair:4   | Offered knowledge of Venom Bolt by Vehumet.
 29132 | Lair:4   | Reached skill level 5 in Hexes
 30646 | Lair:5   | Reached skill level 14 in Spellcasting
 30944 | Lair:5   | Reached skill level 1 in Evocations
 31007 | Lair:5   | Found a staircase to the Slime Pits.
 31384 | Lair:6   | Entered Level 6 of the Lair of Beasts
 31643 | Lair:6   | Offered knowledge of Freezing Cloud by Vehumet.
 32000 | Lair:6   | Reached skill level 5 in Evocations
 32007 | Lair:6   | Reached ****** piety under Vehumet
 32592 | Lair:6   | Got a steaming platinum ring
 32594 | Lair:6   | Identified the ring "Qiegeit" {Ice rElec Str+2 Int+2 SInv} (You found it on level 6 of the Lair of Beasts)
 32986 | Lair:6   | Reached XP level 16. HP: 109/115 MP: 27/34
 33398 | Snake:1  | Entered Level 1 of the Snake Pit
 33411 | Snake:1  | Reached skill level 15 in Spellcasting
 33691 | Snake:1  | Offered knowledge of Poison Arrow by Vehumet.
 34319 | Snake:1  | Reached skill level 5 in Dodging
 34502 | Snake:1  | Found Sacyfoskur's Assorted Antiques.
 34508 | Snake:1  | Bought a transparent ring mail for 234 gold pieces
 34508 | Snake:1  | Bought a scroll of identify for 52 gold pieces
 34508 | Snake:1  | Identified the +4 ring mail "Liuf" {MR++ Str+4} (You bought it in a shop on level 1 of the Snake Pit)
 34517 | Snake:1  | You fall through a shaft!
 34536 | Snake:2  | Noticed a greater naga
 34541 | Snake:2  | Noticed Donald
 34572 | Snake:3  | Noticed a greater naga
 34627 | Snake:3  | Killed a greater naga
 34759 | Snake:3  | Learned a level 2 spell: Passwall
 36275 | Snake:1  | Reached skill level 16 in Spellcasting
 37490 | Orc:1    | Entered Level 1 of the Orcish Mines
 37498 | Orc:1    | Learned a level 6 spell: Poison Arrow
 37533 | Orc:1    | Offered knowledge of Iron Shot by Vehumet.
 37750 | Orc:2    | Entered Level 2 of the Orcish Mines
 37750 | Orc:2    | Noticed Azrael
 37781 | Orc:2    | Reached skill level 5 in Poison Magic
 37795 | Orc:2    | Killed Azrael
 38005 | Orc:2    | Reached XP level 17. HP: 116/121 MP: 24/37
 38211 | Orc:2    | Noticed Nergalle
 38215 | Orc:2    | Killed Nergalle
 38494 | Orc:2    | Found a roughly hewn altar of Beogh.
 38497 | Orc:2    | Found Camedenk's Antique Weapon Emporium.
 38766 | Orc:2    | Found Kuss's Jewellery Emporium.
 38771 | Orc:2    | Found Veatum's General Store.
 38780 | Orc:2    | Bought a scroll of magic mapping for 59 gold pieces
 38824 | Orc:2    | Noticed Snorg
 38827 | Orc:2    | Killed Snorg
 39166 | Orc:2    | Found a roughly hewn altar of Beogh.
 39245 | Orc:2    | Found a staircase to the Elven Halls.
 39294 | Orc:2    | Found Keotaff's Antique Armour Emporium.
 39301 | Orc:2    | Bought a bloodstained leather armour for 224 gold pieces
 39470 | Orc:1    | Found Quic's Armour Shop.
 39815 | Swamp:1  | Entered Level 1 of the Swamp
 39902 | Swamp:1  | Identified the +0 leather armour of Kufopul {Regen+ Str+3} (You bought it in a shop on level 2 of the Orcish Mines)
 40314 | Swamp:1  | Reached skill level 10 in Poison Magic
 40396 | Swamp:1  | Offered knowledge of Lehudib's Crystal Spear by Vehumet.
 40396 | Swamp:1  | Offered knowledge of Chain Lightning by Vehumet.
 40396 | Swamp:1  | Offered knowledge of Tornado by Vehumet.
 42480 | Swamp:3  | Reached skill level 10 in Fire Magic
 42936 | Swamp:4  | Entered Level 4 of the Swamp
 43525 | Swamp:4  | Got a decaying rune of Zot
 43827 | Swamp:4  | Reached XP level 18. HP: 107/128 MP: 14/38
 44811 | Slime:1  | Entered Level 1 of the Pits of Slime
 44945 | Slime:1  | Gained mutation: You are dopey. (Int -2) [a shining eye]
 44945 | Slime:1  | Gained mutation: Your magical capacity is low. (-10% MP) [a shining eye]
 45961 | Lair:5   | Upgraded the game from 0.19-a0-1326-gee3fcf6 to 0.19-a0-1346-g7941943
 46807 | Slime:3  | Gained mutation: You have a pair of small horns on your head. [a shining eye]
 47331 | Slime:2  | Reached skill level 17 in Spellcasting
 47742 | Slime:1  | Reached skill level 1 in Fighting
 48092 | Vaults:1 | Entered Level 1 of the Vaults
 48401 | Vaults:1 | HP: 1/134 [vault warden/dire flail of crushing (29)]
 48401 | Vaults:1 | Slain by a vault warden

Vault maps used:
D:1:      saegor_arrival_under_anarchy
D:2:      first_bread, nicolae_ru_sacrificial_ziggurat
D:3:      uniq_natasha
D:4:      serial_shops, nicolae_shop_overgrown_old_shop, chei_slow_surprise,
          uniq_menkaure, uniq_crazy_yiuf_cottage
D:6:      nicolae_elemental_shop
D:7:      serial_shops, nicolae_shop_crystal, uniq_joseph
D:8:      eino_jars
D:10:     minmay_opposing_rooms, grunt_ogre_cave
D:11:     dpeg_lair_monsters, orc_0_dummy, uniq_harold
D:12:     serial_co_window_serial, co_window_of_opportunity_a,
          co_window_paths_a, co_window_corner_a, co_window_paths_a,
          co_window_paths_a, co_window_paths_c, co_window_2corner,
          co_window_unsneaky_path_a, co_window_paths_e, co_window_4corner_b,
          glass_columns_a, glass_columns_b, glass_columns_a, glass_columns_c,
          glass_columns_c
D:13:     lab_entry_generic, uniq_sonja
D:14:     david_vaults_3, hangedman_abyss_or_decor_stagger
D:15:     grunt_enter_depths_hoard, moated_statue, uniq_kirke, uniq_agnes
Temple:   nicolae_temple_the_god_donut
Lair:1:   lemuel_fruit_tree, grunt_megastairs_1
Lair:2:   serial_bayou, serial_bayou_lagoon_a, serial_bayou_pond_b,
          serial_bayou_pond_c, serial_bayou_ford_a, lemuel_oklob_altar
Lair:3:   minmay_lair_oklob_bushes
Lair:4:   swamp_mist, guppyfry_snake_entry_garden, wad_woods_antlair
Lair:5:   beast_lair_carwin_large_4, nicolae_slime_entry_slimehenge,
          lemuel_fruit_fields, serial_bayou_shore_b, uniq_urug
Lair:6:   hangedman_lair_caniforms_friends, serial_bayou_shore_b
Swamp:1:  hangedman_swamp_diagram, swamp_pool2, nicolae_swamp_triple_paths
Swamp:2:  evilmike_swamp_ruin_house_4, swamp_pool5
Swamp:3:  serial_swamp_ruin, evilmike_swamp_ruin_rubble_2,
          evilmike_swamp_ruin_house_1
Swamp:4:  swamp_alternative
Snake:1:  serial_shops, shop_fountains
Snake:2:  serial_shops, nicolae_shop_statue_plus, grunt_ministairs_13,
          minmay_shoptagon, uniq_aizul, uniq_donald, uniq_vashnia
Snake:3:  basic_stair_grate_trap
Orc:1:    serial_shops, shop
Orc:2:    grunt_orc_cross, basic_altar, uniq_snorg, uniq_azrael
Vaults:1: nicolae_vaults_asterisk, v_alt_pattern_2, v_misc_10,
          hangedman_vaults_corner_blocks, ontoclasm_vaults_gateway,
          ontoclasm_vaults_shuriken, v_misc_29,
          vaults_room_grunt_arrival_ludios, v_misc_31, dpeg_vaults_monster_box,
          ontoclasm_vaults_ring_small, portal_desolation_entry_ruin,
          uniq_asterion

Skill      XL: |  1  2  3  4  5  6  7  8  9 10 11 12 13 14 15 16 17 18 |
---------------+-------------------------------------------------------+-----
Conjurations   | 2 3 4 5 6 8 9 10 11 13 14 | 14.3
Spellcasting   | 4 5 6 7 8 11 12 13 14 16 17 | 17.1
Summonings     | 2 |  2.8
Translocations | 2 5 7 |  7.0
Short Blades   | 4 5 6 |  6.3
Poison Magic   | 3 4 5 10 | 10.0
Air Magic      | 2 4 5 6 |  6.0
Fire Magic     | 3 5 6 10 | 10.5
Hexes          | 3 4 6 |  6.8
Charms         | 3 4 6 |  6.0
Shields        | 3 |  3.4
Evocations     | 5 |  5.7
Dodging        | 2 7 9 |  9.0
Fighting       | 1 |  1.8
Stealth        | |  3.0

Action                   |  1- 3 |  4- 6 |  7- 9 | 10-12 | 13-15 | 16-18 || total
-------------------------+-------+-------+-------+-------+-------+-------++-------
Melee: Short sword       |    28 |     2 |       |       |       |       ||    30
       Dagger            |       |    25 |       |       |       |       ||    25
       Rapier            |       |     1 |   120 |   554 |   722 |   553 ||  1950
       Constrict         |       |       |       |       |   129 |    58 ||   187
       Headbutt          |       |       |       |       |       |    23 ||    23
 Cast: Magic Dart        |    63 |   149 |   199 |   124 |   582 |   202 ||  1319
       Conjure Flame     |       |     3 |       |    20 |    15 |     4 ||    42
       Call Imp          |       |     2 |     9 |     8 |       |     2 ||    21
       Searing Ray       |       |       |     7 |    12 |     1 |       ||    20
       Mephitic Cloud    |       |       |     5 |    33 |    25 |     4 ||    67
       Blink             |       |       |     3 |    34 |    39 |    35 ||   111
       Iskenderun's Myst |       |       |       |    63 |    49 |   170 ||   282
       Fulminant Prism   |       |       |       |    36 |    40 |    49 ||   125
       Repel Missiles    |       |       |       |     1 |     1 |     2 ||     4
       Iskenderun's Batt |       |       |       |     5 |   113 |    59 ||   177
       Bolt of Fire      |       |       |       |       |    10 |   106 ||   116
       Regeneration      |       |       |       |       |     2 |    19 ||    21
       Poison Arrow      |       |       |       |       |       |    82 ||    82
       Swiftness         |       |       |       |       |       |    22 ||    22
       Passwall          |       |       |       |       |       |     3 ||     3
       Slow              |       |       |       |       |       |     1 ||     1
 Abil: Spit Poison       |     5 |    19 |    25 |    26 |     4 |     6 ||    85
Evoke: Wand              |       |       |       |     5 |       |     8 ||    13
       Lamp of fire      |       |       |       |       |       |     1 ||     1
  Use: Scroll            |       |    11 |    12 |    14 |    16 |    17 ||    70
       Potion            |       |       |     3 |     5 |     4 |     8 ||    20
 Stab: Sleeping          |       |     1 |     1 |     2 |     1 |     2 ||     7
       Confused          |       |       |       |     7 |    15 |     2 ||    24
  Eat: Chunk             |       |     7 |     9 |    16 |    31 |    12 ||    75
       Bread ration      |       |       |     1 |     5 |     3 |     2 ||    11
       Beef jerky        |       |       |       |       |     1 |       ||     1
       Meat ration       |       |       |       |       |       |     7 ||     7
       Pizza             |       |       |       |       |       |     1 ||     1
Armor: Robe              |     9 |    13 |    66 |   300 |   389 |   111 ||   888
       Skin              |       |       |     6 |       |       |       ||     6
       Leather armour    |       |       |       |       |       |   187 ||   187
Dodge: Dodged            |    27 |    29 |    81 |   233 |   248 |   262 ||   880
       Deflected         |       |       |       |     7 |     8 |    22 ||    37
Block: Buckler           |       |     1 |    40 |   125 |   220 |   239 ||   625
